 Dungeon Crawl Stone Soup version 0.31.0-12-g77e489cdc1 (webtiles) character file.

Game seed: 6619895260347422490

138265 topfpfpflanze the Thaumaturge (level 17, -2/166 HPs)
             Began as a Naga Alchemist on Feb 11, 2024.
             Was an Initiate of Gozag.
             Slain by a +5 vampiric quick blade (5 damage)
             ... on level 2 of the Elven Halls.
             The game lasted 01:02:16 (43795 turns).

topfpfpflanze the Thaumaturge (Naga Alchemist)     Turns: 43795, Time: 01:02:16

Health: -2/166     AC: 18    Str: 10    XL:     17   Next: 25%
Magic:  4/35       EV: 10    Int: 32    God:    Gozag
Gold:   4240       SH:  5    Dex:  7    Spells: 5/44 levels left

rFire   x . .        v - +6 quarterstaff
rCold   . . .        (shield currently unavailable)
rNeg    + + +        a - +1 robe
rPois   +            W - +2 hat of Vampiric Thralls {Fly rN+++ Regen+ Dex-5}
rElec   .            r - +1 cloak {Will+}
rCorr   +            U - +2 pair of gloves of the Fiddle {rPois rCorr Int+2 Slay-4}
SInv    +            R - +0 barding
Will    +++..        z - amulet of reflection
Stlth   ++           d - ring of wizardry
HPRegen 1.27/turn    N - +6 ring of intelligence
MPRegen 0.24/turn

%: reflection, wizardry (x1)
@: mighty, brilliant, flying, studying Shields, very slow
A: AC +5, large, see invisible, deformed body, poison resistance, slowness 2,
spit poison 1, naga tail 2, heat vulnerability 1
a: Spit Poison, Renounce Religion, Potion Petition, Call Merchant, Bribe Branch


You were on level 2 of the Elven Halls.
You worshipped Gozag.
Gozag was most pleased with you.
You visited 5 branches of the dungeon, and saw 23 of its levels.
You also visited: Gauntlet and Ice Cave.

You collected 8832 gold pieces.
You spent 1890 gold pieces at shops.
You paid 2702 gold pieces to Gozag.

Inventory:

Hand Weapons
 v - a +6 quarterstaff (weapon)
Missiles
 m - a throwing net
Armour
 a - a +1 robe (worn)
 n - a +0 kite shield
 r - a +1 cloak of willpower (worn)
 R - a +0 barding (worn)
 U - the +2 pair of gloves of the Fiddle (worn) {rPois rCorr Int+2 Slay-4}
   (You bought it in a shop on level 1 of the Orcish Mines)

   Int+2:     It affects your intelligence (+2).
   Slay-4:    It affects your accuracy & damage with ranged weapons and melee
   (-4).
   rPois:     It protects you from poison rCorr: It protects you from acid and
   corrosion.
 W - the +2 hat of Vampiric Thralls (worn) {Fly rN+++ Regen+ Dex-5}
   (You found it in a Gauntlet)

   Dex-5:     It affects your dexterity (-5).
   rN+++:     It renders you almost immune to negative energy.
   Fly:       It grants you flight.
   Regen+:    It increases your rate of health regeneration.
Magical Staves
 H - a staff of conjuration
Jewellery
 d - a ring of wizardry (left hand)
 y - a ring of resist corrosion
 z - an amulet of reflection (around neck)
 A - the ring of Tuash {AC+4 Int-5 Dex+5}
   (You found it in a Gauntlet)

   [ring of protection]

   AC+4:      It affects your AC (+4).
   Int-5:     It affects your intelligence (-5).
   Dex+5:     It affects your dexterity (+5).
 B - a +4 ring of slaying
 N - a +6 ring of intelligence (right hand)
 O - a +6 ring of dexterity
Wands
 h - a wand of polymorph (25)
 i - a wand of mindburst (18)
 t - a wand of iceblast (32)
 x - a wand of paralysis (11)
 C - a wand of digging (13)
 E - a wand of flame (40)
Scrolls
 f - 3 scrolls of fog
 l - 3 scrolls of fear
 o - 4 scrolls of vulnerability
 s - 3 scrolls of revelation
 u - 6 scrolls of amnesia
 D - 3 scrolls of identify
 G - a scroll of silence
 J - 2 scrolls of butterflies
 K - 4 scrolls of enchant armour
 Q - 3 scrolls of immolation
 T - a scroll of poison
 Y - a scroll of enchant weapon
 Z - 2 scrolls of noise {unknown}
Potions
 b - a potion of magic
 c - 12 potions of curing
 e - 3 potions of berserk rage
 g - 2 potions of resistance
 j - 2 potions of brilliance
 p - 2 potions of lignification
 q - 3 potions of might
 F - 2 potions of attraction
 I - 4 potions of heal wounds
 L - a potion of cancellation
 M - a potion of invisibility
 S - 2 potions of enlightenment
 V - 2 potions of haste
 X - 4 potions of mutation
Miscellaneous
 k - a lightning rod (2/4)
 P - a phantom mirror


   Skills:
 + Level 14.0 Fighting
 + Level 11.1 Staves
 + Level 12.6 Dodging
 - Level 3.0 Stealth
 + Level 7.2 Shields
 * Level 14.4 Spellcasting
 - Level 1.0 Conjurations
 + Level 3.8 Necromancy
 - Level 4.9 Ice Magic
 - Level 14.0 Alchemy


You had 5 spell levels left.
You knew the following spells:

 Your Spells              Type           Power      Damage    Failure   Level
a - Ignite Poison         Fire/Alch      80%        N/A       1%          4
b - Sticky Flame          Fire/Alch      80%        2d12      1%          4
c - Mephitic Cloud        Conj/Alch/Air  70%        N/A       1%          3
d - Olgreb's Toxic Radia  Alch           100%       N/A       1%          4
e - Blink                 Tloc           68%        N/A       1%          2
f - Call Imp              Summ           68%        N/A       1%          2
g - Mercury Vapours       Alch/Air       100%       N/A       1%          2
h - Sculpt Simulacrum     Ice/Alch       45%        N/A       2%          6
i - Irradiate             Conj/Alch      41%        3d25      1%          5
j - Death Channel         Necr           31%        N/A       26%         6
k - Sting                 Conj/Alch      100%       1d9       1%          1

Your spell library contained the following spells:

 Spells                   Type           Power      Damage    Failure   Level
 Magic Dart               Conj           100%       1d8       1%          1
 Necrotise                Necr           100%       1d9       1%          1
 Sandblast                Erth           68%        2d15      1%          1
 Cigotuvi's Dreadful Rot  Necr/Alch/Air  100%       N/A       1%          2
 Ensorcelled Hibernation  Hex/Ice        100%       N/A       1%          2
 Sublimation of Blood     Necr           63%        N/A       1%          2
 Fugue of the Fallen      Necr           63%        N/A       1%          3
 Ozocubu's Armour         Ice            69%        N/A       1%          3
 Stone Arrow              Conj/Erth      78%        3d11      1%          3
 Summon Ice Beast         Ice/Summ       55%        N/A       1%          3
 Vampiric Draining        Necr           63%        2d10      1%          3
 Leda's Liquefaction      Alch/Erth      40%        N/A       1%          4
 Petrify                  Alch/Erth      80%        N/A       1%          4
 Yara's Violent Unravell  Hex/Alch       40%        3d16      1%          5
 Call Canine Familiar     Summ           34%        N/A       2%          3
 Passwall                 Erth           34%        N/A       2%          3
 Sigil of Binding         Hex            34%        N/A       2%          3
 Anguish                  Hex/Necr       25%        N/A       3%          4
 Brom's Barrelling Bould  Conj/Erth      39%        2d6       6%          4
 Dimensional Bullseye     Hex/Tloc       17%        N/A       8%          4
 Manifold Assault         Tloc           34%        N/A       8%          4
 Summon Blazeheart Golem  Fire/Summ      34%        N/A       8%          4
 Vhi's Electric Charge    Tloc/Air       68%        N/A       8%          4
 Metabolic Englaciation   Hex/Ice        27%        N/A       9%          5
 Borgnjor's Vile Clutch   Necr/Erth      25%        N/A       10%         5
 Arcjolt                  Conj/Air       19%        1d29      17%         5
 Summon Forest            Summ/Tloc      17%        N/A       21%         5
 Summon Mana Viper        Hex/Summ       34%        N/A       21%         5
 Ozocubu's Refrigeration  Ice            34%        4d15      61%         7
 Dispersal                Tloc           17%        N/A       71%         6
 Plasma Beam              Fire/Air       17%        2x1d28    71%         6
 Monstrous Menagerie      Summ           17%        N/A       99%         7
 Discord                  Hex            17%        N/A       100%        8
 Disjunction              Tloc           17%        N/A       100%        8
 Ignition                 Fire           17%        3d7       100%        8
 Lehudib's Crystal Spear  Conj/Erth      19%        10d6      100%        8
 Death's Door             Necr           31%        N/A       100%        9
 Animate Dead             Necr           Unusable   N/A       N/A         4

Dungeon Overview and Level Annotations

Branches:
Dungeon (13/15) Temple (1/1) D:4 Lair (5/5) D:8 Swamp (0/4) Lair:2 Snake (0/4) Lair:2 Slime (0/5) Lair:4 Orc (2/2) D:10 Elf (2/3) Orc:2 Vaults (0/5) D:12 D:13 IceCv (visited) Gauntlet (visited)

Altars:
Ashenzari
Cheibriados
Dithmenos
Elyvilon
Fedhas
Gozag
Hepliaklqana
Kikubaaqudgha
Makhleb
Nemelex Xobeh
Okawaru
Qazlal
Ru
Sif Muna
Trog
Uskayaw
Vehumet
Wu Jian
Xom
Yredelemnul
Zin
The Shining One

Shops:
D:4 ([(   Orc:1 *   Orc:2 =[!:

Annotations:
D:7 1 runed translucent door, Colgate's ghost, novice DsFi
D:8 6 transporters, exclusion: downstairs, Couri's ghost, novice TrFi
D:9 3 runed translucent doors, 2 transporters, HourglassMan's ghost, novice HOMo
D:12 exclusion: 2 downstairs
Lair:2 exclusion: oklob plant
Lair:3 exclusions: hydra and oklob plant
Lair:4 2 runed translucent doors, Eceum's ghost, journeyman DsMo
Elf:1 exclusion: downstairs
Elf:2 3 runed translucent doors


Innate Abilities, Weirdness & Mutations

Your serpentine skin is tough. (AC +5)
You have supernaturally acute eyesight. (SInv)
Armour fits poorly on your strangely shaped body.
Your system is resistant to poisons. (rPois)
You cover ground very slowly.
You can spit poison.
You can use your snake-like lower body to constrict enemies.
You are vulnerable to heat. (rF-)


Message History

A +4 heavy dire flail, a +5 vampiric quick blade and 3 elves come into view.
A deep elf pyromancer is wielding a +2 heavy long sword.
A deep elf knight is wielding a +0 scimitar and wearing a +0 buckler of reflection.
Found 2 scrolls of enchant weapon.
The deep elf knight casts a spell at you.
The shard of ice hits you.
You block the +5 vampiric quick blade's attack.
The +5 vampiric quick blade hits you.
The air fills with toxic fumes!
As you read the scroll of poison, it crumbles to dust.
The deep elf pyromancer shouts!
You block the +5 vampiric quick blade's attack.
The +5 vampiric quick blade hits you but does no damage.
The deep elf knight casts a spell at you.
The shard of ice hits you!
* * * LOW HITPOINT WARNING * * *
The +5 vampiric quick blade hits you but does no damage. x2
The deep elf zephyrmancer shouts!
Casting: Mephitic Cloud (safe; 1% risk of failure)
Confirm with . or Enter, or press ? or * to list all spells.
You feel a surge of power!
You ignite the poison in your surroundings!
The deep elf pyromancer shouts!
The +5 vampiric quick blade hits you but does no damage.
The +5 vampiric quick blade hits you.
* * * LOW HITPOINT WARNING * * *
The deep elf zephyrmancer gestures at you while chanting.
The bolt of lightning hits you!
* * * LOW HITPOINT WARNING * * *
The deep elf pyromancer mumbles some strange words.
The deep elf pyromancer blinks!
The deep elf knight casts a spell at you.
The shard of ice hits you!!
* * * LOW HITPOINT WARNING * * *
The +5 vampiric quick blade hits you.
* * * LOW HITPOINT WARNING * * *
The +5 vampiric quick blade hits you but does no damage.
The +4 heavy dire flail is engulfed in blazing flames.
The +5 vampiric quick blade hits you.
You die...
Your body crumbles into a pile of gold.

#....☼§§.○§§
#....☼§§e§.§
##....○.§§.§☼
#§#.?.e○§§§§§
#○§#..☼○(§§☼#
#☼§§#.§§e§☼#.
#§§☼(#○○§§#..
#☼§§@#..#...
##§○§§##....
###### #


You could see a deep elf knight (reflecting), a deep elf pyromancer, a deep elf
zephyrmancer and 2 dancing weapons.

Vanquished Creatures
  Nikola (Elf:1)
  Rupert (D:12)
  Asterion (Orc:2)
  A deep elf sorcerer (Elf:2)
  A deep elf death mage (Elf:1)
  An ogre mage (Orc:2)
  3 centaur warriors
  3 hydras
  2 ironbound frosthearts (IceCv)
  10 dancing weapons
  5 boulder beetles
  4 two-headed ogres
  A tengu warrior (D:13)
  6 death yaks
  Urug (D:13)
  8 deep elf knights
  A sixfirhy (Gauntlet)
  4 skeletal warriors (D:11)
  A mana viper (shapeshifter) (Elf:1)
  4 deep elf archers
  15 deep elf pyromancers
  An orc knight (D:13)
  18 deep elf zephyrmancers
  Pikel (D:6)
  9 orc sorcerers (Orc:2)
  An ugly thing (D:13)
  A lindwurm (Lair:3)
  A manticore (shapeshifter) (Elf:1)
  A cyclops (D:13)
  A meliai (shapeshifter) (Elf:1)
  6 elephants
  A manticore (D:13)
  12 black mambas
  18 cane toads
  A torpor snail (Lair:2)
  A kobold blastminer (Orc:2)
  A gargoyle (D:12)
  An unseen horror (shapeshifter) (Elf:1)
  6 rime drakes
  13 komodo dragons
  A freezing wraith (D:13)
  7 trolls
  Grinder (D:5)
  15 polar bears
  2 hornets
  A raiju (Gauntlet)
  A raiju (shapeshifter) (Elf:1)
  22 blink frogs
  6 slime creatures
  Sigmund (D:4)
  2 shadows
  A water elemental (Elf:1)
  6 wyverns
  A wraith (D:11)
  60 yaks
  2 wargs
  6 basilisks
  Eustachio (D:6)
  A fire elemental (Elf:2)
  16 humans
  6 steam dragons
  11 vampire mosquitoes
  Menkaure (D:6)
  Edmund (D:5)
  2 swamp worms (Gauntlet)
  20 water moccasins
  2 acid dragons
  6 black bears
  15 orc warriors
  3 sky beasts
  10 ogres
  2 ice beasts
  38 wolves
  17 centaurs
  3 kobold brigands
  A phantom (D:5)
  2 lemures (D:6)
  3 earth elementals (Elf:1)
  14 bullfrogs
  2 gnoll sergeants
  3 scorpions
  A small abomination (Gauntlet)
  10 wights
  11 killer bees
  3 howler monkeys
  7 hounds
  3 bombardier beetles (D:5)
  18 orc priests
  4 jellies
  3 iguanas
  A sleepcap (D:7)
  Ijyb (D:4)
  Natasha (twice) (D:3)
  32 orc wizards
  12 gnolls
  4 adders
  A shadow imp (D:6)
  3 white imps
  7 ufetubi
  A dart slug (D:1)
  3 ribbon worms
  54 orcs
  3 ball pythons
  8 bats
  8 endoplasms
  4 giant cockroaches
  6 goblins
  13 hobgoblins
  19 kobolds
  3 quokkas
  8 frilled lizards
  5 rats
741 creatures vanquished.

Vanquished Creatures (collateral kills)
  Gastronok (Lair:3)
  An eleionoma (Lair:2)
  A dire elephant (Lair:5)
  A minotaur (Gauntlet)
  Snorg (Lair:3)
  3 hydras
  2 catoblepae
  A centaur warrior (D:13)
  15 death yaks
  A deep troll shaman (Lair:5)
  An occultist (D:13)
  A deep elf knight (D:13)
  A lindwurm (shapeshifter) (Elf:1)
  A deep elf pyromancer (D:13)
  A manticore (D:13)
  A salamander (shapeshifter) (Elf:1)
  An elephant (Lair:2)
  A cane toad (Lair:1)
  2 blink frogs (Lair:5)
  8 slime creatures
  A fire bat (shapeshifter) (Elf:1)
  A spriggan (shapeshifter) (Elf:1)
  A basilisk (Lair:5)
  A warg (D:10)
  An ogre (D:5)
  A wolf (Lair:5)
  A bullfrog (Lair:4)
  An orc (D:6)
53 creatures vanquished.

Vanquished Creatures (others)
  A deep elf knight (Elf:1)
  A steam dragon (D:7)
  An orc (D:8)
3 creatures vanquished.

Grand Total: 797 creatures vanquished

Notes
Turn   | Place    | Note
-------+----------+-------------------------------------------
     0 | D:1      | topfpfpflanze the Naga Alchemist began the quest for the
                  | Orb.
     0 | D:1      | Reached XP level 1. HP: 15/15 MP: 3/3
   363 | D:1      | Reached XP level 2. HP: 22/22 MP: 5/5
   388 | D:1      | Learned a level 2 spell: Mercury Vapours
   851 | D:1      | Reached XP level 3. HP: 27/28 MP: 3/7
  2203 | D:3      | Reached XP level 4. HP: 31/36 MP: 4/9
  2226 | D:3      | Learned a level 3 spell: Mephitic Cloud
  2229 | D:3      | Learned a level 2 spell: Call Imp
  2638 | D:4      | Reached XP level 5. HP: 36/42 MP: 4/12
  2714 | D:4      | Noticed Ijyb
  2730 | D:4      | Killed Ijyb
  2731 | D:4      | Reached skill level 5 in Spellcasting
  2936 | D:4      | Learned a level 2 spell: Blink
  2941 | D:4      | Learned a level 4 spell: Olgreb's Toxic Radiance
  2950 | D:4      | Found Ginnuym's Antique Weapon Shop.
  2953 | D:4      | Found Nofranic's Antique Armour Emporium.
  2955 | D:4      | Found Seokoeckoagh's Antique Weapon Emporium.
  3064 | D:4      | Found a staircase to the Ecumenical Temple.
  3150 | D:4      | Reached XP level 6. HP: 43/49 MP: 9/14
  3156 | Temple   | Entered the Ecumenical Temple
  3179 | Temple   | Became a worshipper of Gozag Ym Sagoz the Greedy
  3361 | D:4      | Noticed Sigmund
  3373 | D:4      | Killed Sigmund
  3374 | D:4      | Reached XP level 7. HP: 43/55 MP: 8/16
  3897 | D:3      | Reached skill level 5 in Alchemy
  4046 | D:3      | Noticed Natasha
  4049 | D:3      | Killed Natasha
  4188 | D:3      | Found a stormy altar of Qazlal.
  4190 | D:3      | Noticed Natasha
  4304 | D:3      | Killed Natasha
  4636 | D:3      | Found a faded altar of an unknown god.
  4907 | D:5      | Entered Level 5 of the Dungeon
  4922 | D:5      | Noticed Edmund
  5037 | D:4      | Bought a runed quarterstaff for 175 gold pieces
  5066 | D:5      | Reached XP level 8. HP: 47/62 MP: 10/18
  5069 | D:5      | Killed Edmund
  5500 | D:5      | Reached skill level 1 in Fighting
  5602 | D:5      | Noticed Grinder
  5619 | D:5      | Killed Grinder
  5620 | D:5      | Reached skill level 1 in Staves
  6129 | D:6      | Noticed Eustachio
  6508 | D:6      | Reached XP level 9. HP: 74/74 MP: 8/20
  6688 | D:6      | Noticed Menkaure
  6708 | D:6      | Learned a level 4 spell: Sticky Flame
  6716 | D:6      | Killed Eustachio
  6802 | D:6      | Killed Menkaure
  7783 | D:6      | Paralysed by a wight for 2 turns
  8078 | D:6      | Noticed Pikel
  8087 | D:6      | Killed Pikel
  8664 | D:7      | Reached XP level 10. HP: 87/87 MP: 2/21
  8911 | D:7      | Reached skill level 10 in Alchemy
  9000 | D:7      | Found a runed translucent door.
  9001 | D:7      | Noticed Colgate's ghost (novice DsFi)
  9138 | D:7      | Found a radiant altar of Vehumet.
  9188 | D:7      | Learned a level 6 spell: Sculpt Simulacrum
  9270 | D:7      | Reached skill level 5 in Fighting
  9880 | D:7      | Found a blossoming altar of Fedhas.
 10211 | D:8      | Noticed a deep elf pyromancer
 10475 | D:8      | Reached skill level 5 in Dodging
 10475 | D:8      | Reached skill level 1 in Ice Magic
 10490 | D:8      | Killed a deep elf pyromancer
 10998 | D:8      | Found a transporter.
 11195 | D:8      | Found a transporter.
 11205 | D:8      | Found a bloodstained altar of Trog.
 11216 | D:8      | Noticed a moth of wrath
 11257 | D:8      | Noticed a two-headed ogre
 11257 | D:8      | Noticed Couri's ghost (novice TrFi)
 11293 | D:8      | Noticed an elephant
 11308 | D:8      | Killed an elephant
 11327 | D:8      | Noticed an elephant
 11340 | D:8      | Killed an elephant
 11341 | D:8      | Reached XP level 11. HP: 57/99 MP: 1/23
 11789 | D:8      | Found a transporter.
 11810 | D:8      | Found a transporter.
 11859 | D:8      | Found a transporter.
 11863 | D:8      | Found a transporter.
 12173 | D:8      | Found a staircase to the Lair.
 12594 | D:9      | Noticed a four-headed hydra
 12627 | D:9      | Found a runed translucent gate.
 12627 | D:9      | Found a runed translucent gate.
 12627 | D:9      | Found a runed translucent gate.
 12628 | D:9      | Noticed HourglassMan's ghost (novice HOMo)
 13363 | D:9      | Found a transporter.
 13375 | D:9      | Found a hazy altar of Hepliaklqana.
 13388 | D:9      | Noticed a centaur warrior
 13390 | D:9      | Noticed a deep elf pyromancer
 13391 | D:9      | Noticed a rakshasa
 13395 | D:9      | Found a transporter.
 13638 | D:9      | Noticed a rakshasa
 13752 | Lair:1   | Entered Level 1 of the Lair of Beasts
 13759 | Lair:1   | Reached skill level 5 in Staves
 14789 | Lair:1   | Reached XP level 12. HP: 110/110 MP: 19/24
 16100 | Lair:2   | Noticed a catoblepas
 16153 | Lair:1   | Killed a catoblepas
 16698 | Lair:2   | Found a staircase to the Swamp.
 16698 | Lair:2   | Noticed an eleionoma
 16707 | Lair:2   | Killed an eleionoma
 17147 | Lair:2   | Noticed a boulder beetle
 17229 | Lair:2   | Killed a boulder beetle
 18126 | Lair:2   | Gained mutation: You can use your snake-like lower body to
                  | constrict enemies. [Naga growth]
 18126 | Lair:2   | Reached XP level 13. HP: 112/121 MP: 15/26
 18638 | Lair:2   | Found a staircase to the Snake Pit.
 19323 | Lair:2   | Identified the +8 hand axe of Qihexterph {drain, rElec
                  | Int+2}
 19891 | Lair:2   | Learned a level 5 spell: Irradiate
 20104 | Lair:3   | Reached skill level 10 in Fighting
 20879 | Lair:4   | Reached skill level 10 in Spellcasting
 21701 | Lair:3   | Noticed Snorg
 21712 | Lair:3   | Killed Snorg
 21840 | Lair:3   | Reached XP level 14. HP: 103/133 MP: 16/28
 22373 | Lair:3   | Noticed Gastronok
 22395 | Lair:3   | Killed Gastronok
 23877 | Lair:5   | Entered Level 5 of the Lair of Beasts
 23998 | Lair:5   | Found a gate leading to a gauntlet.
 24005 | Gauntlet | Entered a Gauntlet
 24005 | Gauntlet | Found a transporter.
 24136 | Gauntlet | Found a transporter.
 24139 | Gauntlet | Found a transporter.
 24140 | Gauntlet | Found a transporter.
 24148 | Gauntlet | Found a transporter.
 24151 | Gauntlet | Found a transporter.
 24152 | Gauntlet | Found a transporter.
 24162 | Gauntlet | Found a transporter.
 24164 | Gauntlet | Found a transporter.
 24165 | Gauntlet | Found a transporter.
 24173 | Gauntlet | Found a transporter.
 24176 | Gauntlet | Found a transporter.
 24177 | Gauntlet | Found a transporter.
 24180 | Gauntlet | Noticed a balrug
 24190 | Gauntlet | Found a transporter.
 24749 | Gauntlet | Identified the ring of Tuash {AC+4 Int-5 Dex+5}
 24800 | Gauntlet | Identified the +2 hat of Vampiric Thralls {Fly rN+++ Regen+
                  | Dex-5}
 24800 | Gauntlet | Identified the +2 ring mail of Autumn {rCorr Str+4}
 24990 | Gauntlet | Got the Tome of Volcanic Phantasms
 25159 | Lair:5   | Reached skill level 10 in Dodging
 25622 | Lair:4   | Found a staircase to the Slime Pits.
 25934 | Lair:4   | Found a large runed translucent door.
 25934 | Lair:4   | Found a large runed translucent door.
 25938 | Lair:4   | Noticed Eceum's ghost (journeyman DsMo)
 26509 | Lair:5   | Got Paeguotao's Tome of the Macabre Blink Frog
 27626 | Lair:5   | Noticed a dire elephant
 27644 | Lair:5   | Killed a dire elephant
 27787 | Lair:5   | Reached XP level 15. HP: 130/146 MP: 22/30
 28214 | D:10     | Entered Level 10 of the Dungeon
 28481 | D:10     | Identified the +2 rapier of the Whelk {flame, rPois rF-
                  | rN+++ Will-}
 28789 | D:10     | Found an ornate altar of the Wu Jian Council.
 28864 | D:10     | Found a staircase to the Orcish Mines.
 29493 | Orc:1    | Entered Level 1 of the Orcish Mines
 30127 | Orc:1    | Found Puetasm's Assorted Antiques.
 30166 | Orc:1    | Bought a pair of ichor-stained gloves for 247 gold pieces
 30166 | Orc:1    | Identified the +2 pair of gloves of the Fiddle {rPois rCorr
                  | Int+2 Slay-4} (You bought it in a shop on level 1 of the
                  | Orcish Mines)
 30166 | Orc:1    | Bought a scroll of poison for 104 gold pieces
 30166 | Orc:1    | Bought a potion of mutation for 208 gold pieces
 30388 | Orc:2    | Entered Level 2 of the Orcish Mines
 30627 | Orc:2    | Found a frozen archway.
 30650 | IceCv    | Entered an ice cave
 32273 | IceCv    | Got the Spellbook of Hairiness
 32498 | Orc:2    | Found a staircase to the Elven Halls.
 32694 | Orc:2    | Learned a level 6 spell: Death Channel
 32734 | Orc:2    | Found Lasam's Jewellery Shoppe.
 32859 | Orc:2    | Found a radiant altar of Vehumet.
 32891 | Orc:2    | Reached skill level 1 in Shields
 32996 | Orc:2    | Gained mutation: You are vulnerable to heat. (rF-) [a
                  | neqoxec]
 32997 | Orc:2    | Found Agyocs's Antique Armour Shoppe.
 33172 | Orc:2    | Found an ancient bone altar of Kikubaaqudgha.
 33477 | Orc:2    | Found Petyitui's Book Emporium.
 33504 | Orc:2    | Found Ruolik's Distillery.
 33534 | Orc:2    | Bought a potion of heal wounds for 80 gold pieces
 33534 | Orc:2    | Bought a potion of haste for 160 gold pieces
 33534 | Orc:2    | Bought a potion of cancellation for 128 gold pieces
 33534 | Orc:2    | Bought a potion of curing for 48 gold pieces
 33534 | Orc:2    | Bought a potion of curing for 48 gold pieces
 33534 | Orc:2    | Bought a potion of haste for 160 gold pieces
 33544 | Orc:2    | Bought an Everburning Encyclopedia for 532 gold pieces
 33549 | Orc:2    | Learned a level 4 spell: Ignite Poison
 36185 | D:12     | Reached XP level 16. HP: 156/156 MP: 25/33
 36248 | D:12     | Found a shimmering blue altar of Sif Muna.
 36793 | D:13     | Reached skill level 10 in Staves
 36963 | D:13     | Noticed Urug
 36963 | D:13     | Noticed Rupert
 36963 | D:13     | Found a gate to the Vaults.
 37304 | D:12     | Killed Rupert
 37680 | D:13     | Killed Urug
 38752 | D:13     | Found the +5 Lochaber axe {reach-cleave, Poleaxe ^Drain}
 39413 | Elf:1    | Entered Level 1 of the Elven Halls
 39413 | Elf:1    | Noticed Asterion
 39419 | Elf:1    | Reached skill level 5 in Shields
 39516 | Orc:2    | Killed Asterion
 39517 | Orc:2    | Reached skill level 1 in Necromancy
 40348 | Elf:1    | You are sucked into a shaft and drop 1 floor!
 40357 | Elf:2    | Noticed a deep elf blademaster
 42316 | Elf:1    | Reached XP level 17. HP: 132/165 MP: 9/35
 42747 | Elf:1    | Got the Tome of Hermetica
 43398 | Elf:2    | Noticed Nikola
 43410 | Elf:1    | Killed Nikola
 43789 | Elf:2    | Found a runed translucent gate.
 43789 | Elf:2    | Found a runed translucent gate.
 43789 | Elf:2    | Found a runed translucent gate.
 43794 | Elf:2    | HP: 6/166 [deep elf knight/shard of ice (27)]
 43794 | Elf:2    | HP: 1/166 [+5 vampiric quick blade (5)]
 43795 | Elf:2    | Slain by a +5 vampiric quick blade

Illustrated notes

Levels and vault maps discovered:
D:1:      matt_arrival_refuge, layout_basic, chequers_serial_rivers_micro_a
D:2:      layout_rooms
D:3:      layout_loops_ring, nicolae_qazlal_beasts_of_the_sky,
          ebering_ecumenical_altar_box, uniq_natasha
D:4:      layout_rooms, minmay_temple_entry_grid, nicolae_wooded_promenade,
          uniq_ijyb, uniq_sigmund
D:5:      layout_cave_pools, uniq_grinder, uniq_edmund
D:6:      layout_cave_pods, uniq_eustachio, uniq_menkaure, uniq_pikel
D:7:      layout_loops_corners, overflow_temple_1_default,
          mainiacjoe_overflow_alcove_1, gammafunk_ghost_grave
D:8:      cheibrodos_fzero, layout_basic, grunt_lair_entry_orc_guard_hut,
          gammafunk_ghost_wrathful_warriors, nicolae_diode_intersection
D:9:      gammafunk_sealed_arena, layout_irregular_city, kennysheep_mini,
          serial_column_ruins, column_ruins_hut, column_ruins_circle_medium,
          column_ruins_grid_1, column_ruins_open_small, column_ruins_open_small,
          column_ruins_grid_2, column_ruins_columns_plus,
          biasface_ghost_orc_armoury, grunt_decor_one_mirror,
          kennysheep_generic_room_12
D:10:     layout_roguey, nzn_wu_jian_council_hall, david_orc_1_choice,
          chequers_serial_rivers_room_a
D:11:     layout_roguey
D:12:     layout_cave_pods, minmay_misc_feat_alley, nrook_campfire,
          hellmonk_sif_muna_bookshelves
D:13:     minmay_dotted_concentric_squares, layout_gridville, david_vaults_3
Temple:   bh_familiar_temple
Lair:1:   layout_cave_pods, grunt_megastairs_4
Lair:2:   nzn_winding_woodlands_large [nzn_winding_woodlands_5x5_open_star,
          nzn_winding_woodlands_5x15_concentric,
          nzn_winding_woodlands_5x5_cross, nzn_winding_woodlands_center_garden,
          nzn_winding_woodlands_15x15_five_gardens,
          nzn_winding_woodlands_center_diamonds,
          nzn_winding_woodlands_hourglass,
          nzn_winding_woodlands_5x15_split_checker,
          nzn_winding_woodlands_5x5_closed_star], layout_regular_city,
          alex1729_swamp_entry_worm_eleionoma, dummy_snake_entry,
          minmay_lair_oklob_items, minivault_19, lemuel_old_faithful
Lair:3:   layout_layer_cave, uniq_snorg, uniq_gastronok
Lair:4:   layout_hall_layers, nicolae_slime_entry_field_trip,
          ebering_ghost_disaster_area, grunt_megastairs_1
Lair:5:   grunt_lair_end_beastmaster, layout_loops_ring, gauntlet_entry_generic,
          st_stairs_10
Orc:1:    layout_caves, serial_shops, nicolae_shop_window_shopping
Orc:2:    kennysheep_orc_mage_school, layout_caves,
          portal_ice_cave_entry_pillars_1
Elf:1:    nicolae_elf_arrival_fired_up, layout_loops_corners,
          nicolae_elf_shapeshifter_party, grunt_megastairs_3, uniq_asterion
Elf:2:    nicolae_elf_blades_splatter_lattice
          [nicolae_blade_entry_area_security], layout_rooms,
          grunt_ministairs_11, uniq_nikola

Skill      XL: |  1  2  3  4  5  6  7  8  9 10 11 12 13 14 15 16 17 |
---------------+----------------------------------------------------+-----
Spellcasting   | 3 4 5 6 7 8 9 10 11 13 14 | 14.4
Alchemy        | 4 6 8 9 11 12 13 14 | 14.0
Fighting       | 2 4 6 7 9 10 12 13 14 | 14.0
Dodging        | 2 4 5 6 8 9 10 11 12 | 12.6
Staves         | 1 3 4 5 6 7 8 9 10 11 | 11.1
Ice Magic      | 2 3 4 |  4.9
Shields        | 3 6 7 |  7.2
Necromancy     | 3 |  3.8
Stealth        | |  3.0
Conjurations   | |  1.0

Action                     |  1- 3 |  4- 6 |  7- 9 | 10-12 | 13-15 | 16-18 || total
---------------------------+-------+-------+-------+-------+-------+-------++-------
  Melee: Executioner's axe |    10 |     9 |     2 |       |       |       ||    21
         Quarterstaff      |       |       |    30 |    44 |   191 |   132 ||   397
         Constrict         |       |       |       |       |    62 |    16 ||    78
   Cast: Sting             |    67 |    59 |   109 |   100 |    39 |     4 ||   378
         Mercury Vapours   |     1 |     7 |     7 |     1 |       |       ||    16
         Olgreb's Toxic Ra |       |     1 |    34 |    98 |   188 |    61 ||   382
         Mephitic Cloud    |       |       |     7 |    17 |    30 |    18 ||    72
         Call Imp          |       |       |    12 |     1 |     6 |       ||    19
         Blink             |       |       |     1 |       |     4 |     3 ||     8
         Sticky Flame      |       |       |     8 |    67 |   210 |    85 ||   370
         Sculpt Simulacrum |       |       |       |     6 |    41 |    12 ||    59
         Irradiate         |       |       |       |       |     3 |    13 ||    16
         Ignite Poison     |       |       |       |       |     4 |    39 ||    43
 Invoke: Potion Petition   |       |       |       |     3 |       |     4 ||     7
Ability: Spit Poison       |    20 |    19 |     9 |     7 |     4 |       ||    59
  Evoke: Wand              |       |       |       |       |     1 |     1 ||     2
         Lightning rod     |       |       |       |       |       |     4 ||     4
         Phantom mirror    |       |       |       |       |       |     1 ||     1
    Use: Scroll            |       |     4 |     8 |     2 |    12 |    10 ||    36
         Potion            |       |       |       |       |     1 |     2 ||     3
   Stab: Distracted        |       |       |       |       |     2 |       ||     2
         Confused          |       |       |       |       |     2 |     1 ||     3
         Sleeping          |       |       |       |       |       |     1 ||     1
 Armour: Robe              |    26 |    44 |    99 |   193 |   461 |   384 ||  1207
  Dodge: Dodged            |    19 |    26 |    38 |   136 |   374 |   177 ||   770
  Block: Other             |       |       |       |    53 |   132 |    54 ||   239
         Reflection        |       |       |       |     4 |     8 |       ||    12
